Map: [ESL] Data-C

Players

Has

  • Race: Protoss Protoss
  • Spawn Location: 3:00

Nice - Winner!

  • Race: Protoss Protoss
  • Spawn Location: 9:00

Event: DreamHack SC2 Masters 2022 Atlanta (Online)

VOD

Have the link to the VOD?

Description

Time

  • Played on: Oct. 2, 2022, 9:04 a.m.
  • Length: 9:17

All games in this series

Show
View Real Time Build Order
Export as new Build Order

Has Protoss 

Build Orders: Oracle Opening 

Get SALT Encoding   

  12  0:00  Probe  
  13  0:12  Probe  
  14  0:19  Pylon  
  14  0:24  Probe (Chrono Boost)  
  15  0:38  Probe (Chrono Boost)  
  15  0:39  Gateway  
  16  0:45  Probe (Chrono Boost)  
  16  0:47  Assimilator  
  17  0:52  Probe  
  17  0:55  Assimilator  
  18  1:04  Probe  
  18  1:08  Gateway  
  19  1:17  Probe  
  20  1:26  Cybernetics Core  
  20  1:28  Pylon  
  20  1:30  Probe  
  21  1:42  Probe  
  22  1:54  Probe  
  23  2:02  Robotics Facility  
  23  2:03  Warp Gate  
  23  2:07  Probe, Stalker (Chrono Boost)  
  26  2:17  Pylon  
  26  2:19  Probe  
  27  2:28  Pylon  
  27  2:36  Stargate  
  29  2:54  Observer (Chrono Boost)  
  28  3:00  Nexus  
  28  3:03  Probe  
  29  3:20  Oracle  
  29  3:21  Probe  
  29  3:23  Observer  
  33  3:33  Probe  
  34  3:45  Probe  
  35  3:55  Stalker  
  37  3:56  Stalker  
  37  4:01  Pylon  
  39  4:11  Phoenix, Probe  
  39  4:14  Probe  
  43  4:20  Stalker x2  
  43  4:24  Probe (Chrono Boost)  
  48  4:26  Probe (Chrono Boost)  
  49  4:35  Probe (Chrono Boost)  
  49  4:36  Probe (Chrono Boost)  
  51  4:40  Probe (Chrono Boost)  
  51  4:41  Twilight Council, Probe (Chrono Boost)  
  53  4:50  Probe  
  54  4:53  Probe  
  55  5:00  Stalker x2  
  55  5:02  Probe  
  55  5:05  Assimilator  
  55  5:06  Pylon  
  60  5:08  Probe  
  60  5:11  Shield Battery  
  61  5:14  Blink (Chrono Boost)  
  61  5:16  Probe  
  61  5:21  Probe  
  60  5:27  Pylon  
  59  5:35  Nexus  
  59  5:37  Pylon  
  59  5:43  Gateway  
  59  5:45  Gateway  
  61  5:51  Pylon  
  59  5:57  Stalker x2  
  59  6:02  Shield Battery  
  59  6:03  Probe x2  
  65  6:13  Pylon  
  65  6:18  Gateway  
  65  6:19  Gateway  
  65  6:23  Stalker x2  
  69  6:27  Phoenix  
  71  6:33  Gateway  
  71  6:37  Probe  
  72  6:42  Stalker x2  
  76  6:50  Stalker  
  76  6:51  Stalker  
  80  7:04  Phoenix  
  80  7:05  Stalker x2  
  86  7:12  Stalker  
  86  7:14  Stalker  
  90  7:22  Stalker  
  92  7:23  Stalker  
  92  7:28  Stalker  
  92  7:29  Stalker  
  98  7:32  Stalker  
  90  7:47  Stalker x2  
  90  7:50  Zealot x2  
  94  7:52  Zealot x2  
  96  8:04  Stalker  
  92  8:11  Stalker x3  
  98  8:13  Zealot  
  86  8:30  Zealot  
  86  8:31  Zealot x2  
  84  8:35  Stalker x3  
  84  8:36  Stalker  
  74  8:53  Stalker x2  
  74  8:54  Stalker  
  76  8:59  Zealot x3  
  76  9:02  Probe x2  
Show
View Real Time Build Order
Export as new Build Order

Nice Protoss - Winner!

Build Orders: 1 Gate Expand, Oracle Opening 

Get SALT Encoding   

  12  0:00  Probe  
  13  0:12  Probe  
  14  0:19  Pylon  
  14  0:24  Probe  
  15  0:37  Probe (Chrono Boost)  
  15  0:38  Gateway  
  16  0:47  Assimilator  
  16  0:48  Probe (Chrono Boost)  
  17  0:53  Probe (Chrono Boost)  
  18  1:03  Probe  
  19  1:16  Probe  
  19  1:17  Assimilator  
  20  1:25  Nexus  
  20  1:35  Cybernetics Core  
  20  1:41  Zealot  
  22  1:48  Pylon  
  22  1:53  Probe  
  23  1:58  Assimilator  
  23  2:07  Probe  
  24  2:19  Probe  
  25  2:24  Stargate  
  25  2:31  Probe  
  25  2:33  Stalker  
  28  2:39  Shield Battery  
  28  2:40  Probe  
  28  2:43  Probe  
  29  2:53  Probe  
  30  3:01  Forge  
  32  3:11  Probe, Void Ray (Chrono Boost)  
  32  3:12  Warp Gate  
  35  3:13  Probe  
  35  3:19  Shield Battery  
  36  3:23  Probe  
  36  3:25  Probe  
  40  3:36  Probe  
  40  3:37  Probe  
  40  3:38  Oracle (Chrono Boost)  
  43  3:44  Pylon  
  43  3:48  Probe  
  43  3:49  Probe  
  45  3:57  Pylon  
  45  4:00  Probe  
  45  4:01  Robotics Facility  
  47  4:02  Probe  
  47  4:07  Assimilator  
  47  4:13  Probe  
  47  4:14  Assimilator  
  47  4:15  Probe  
  49  4:17  Pylon  
  49  4:27  Phoenix  
  51  4:35  Probe x2  
  52  4:47  Probe  
  52  4:48  Probe  
  52  4:49  Observer (Chrono Boost)  
  52  4:52  Gateway  
  54  5:06  Probe x2  
  56  5:21  Probe  
  56  5:25  Probe  
  56  5:26  Stalker  
  56  5:27  Gateway  
  56  5:28  Pylon  
  60  5:29  Gateway  
  60  5:31  Twilight Council  
  60  5:32  Immortal (Chrono Boost)  
  60  5:33  Probe  
  65  5:43  Probe  
  65  5:46  Probe  
  65  5:47  Stalker  
  69  5:52  Sentry, Pylon  
  71  5:59  Observer  
  71  6:03  Nexus, Blink (Chrono Boost)  
  72  6:06  Probe x2  
  74  6:22  Shield Battery, Sentry x2, Stalker  
  74  6:23  Probe  
  74  6:24  Observer  
  79  6:27  Observer  
  80  6:38  Stalker  
  80  6:39  Probe x2  
  84  6:44  Forge  
  84  6:51  Probe x2, Pylon  
  86  6:57  Pylon  
  86  7:05  Dark Shrine, Pylon  
  86  7:09  Probe  
  86  7:11  Stalker x3  
  86  7:13  Shield Battery  
  93  7:16  Immortal (Chrono Boost)  
  93  7:22  Stalker  
  99  7:24  Shield Battery  
  99  7:29  Shield Battery  
  99  7:33  Observer  
  99  7:34  Stalker  
  101  7:43  Observer  
  97  7:46  Immortal (Chrono Boost)  
  101  7:52  Stalker x3  
  97  8:09  Probe x2  
  97  8:10  Probe  
  100  8:14  Gateway  
  100  8:15  Immortal (Chrono Boost), Stalker x2  
  100  8:16  Stalker  
  106  8:21  Probe  
  103  8:28  Pylon  
  103  8:30  Pylon  
  100  8:34  Dark Templar  
  95  8:41  Pylon  
  92  8:57  Gateway  
  92  8:59  Dark Templar, Gateway, Stalker x2  
Tags
 
Add a new tag
Caveats
  • Supply blocks, unpowered buildings, or Contaminate may cause inaccurate times.
  • Supply counts are checked every 10 seconds.